 Dungeon Crawl Stone Soup version 0.17.1-1-g73c8601 (webtiles) character file.

44 Maia the Caller (level 3, 0/24 HPs)
             Began as a Human Summoner on Dec 25, 2015.
             Slain by an adder (5 damage)
             ... on level 2 of the Dungeon.
             The game lasted 00:04:57 (1918 turns).

Maia the Caller (Human Summoner)                    Turns: 1918, Time: 00:04:57

Health: 0/24       AC:  3    Str:  8    XL:     3   Next: 87%
Magic:  6/6        EV: 12    Int: 16    God:
Gold:   154        SH:  0    Dex: 13    Spells: 3 memorised, 0 levels left

rFire  . . .     SeeInvis .     g - +0 hand axe
rCold  . . .     Clarity  .     a - +0 robe
rNeg   . . .     SustAt   .     (no shield)
rPois  .         Gourm    .     (no helmet)
rElec  .         Spirit   .     (no cloak)
rCorr  .         Warding  .     k - +0 pair of gloves (curse)
rMut   .         Rnd*Tele +     (no boots)
MR     .....                    (no amulet)
Stlth  ++........               (no ring)
                                l - ring of teleportation (curse)

@: lethally poisoned (0 -> -12), not resistant to hostile enchantments,
unstealthy
A: no striking features
a: Evoke Teleportation


You were on level 2 of the Dungeon.
You were not hungry.

You visited 1 branch of the dungeon, and saw 2 of its levels.

You collected 154 gold pieces.

Inventory:

Hand Weapons
 g - a +0 hand axe (weapon)
Armour
 a - a +0 robe (worn)
 k - a cursed +0 pair of gloves (worn)
Jewellery
 l - a cursed ring of teleportation (left hand)
Scrolls
 h - a scroll of remove curse
 m - a scroll of teleportation {unknown}
Potions
 f - 2 potions of lignification {unknown}
Books
 b - a book of Callings

   Spells                             Type                      Level
   a - Summon Small Mammal            Summoning                    1
   b - Call Imp                       Summoning                    2
   c - Call Canine Familiar           Summoning                    3
   d - Summon Guardian Golem          Hexes/Summoning              3
   e - Summon Lightning Spire         Summoning/Air                4
   f - Summon Ice Beast               Ice/Summoning                4
Comestibles
 c - a bread ration
 i - a beef jerky
 j - a meat ration


   Skills:
 - Level 2.0 Dodging
 - Level 2.0 Stealth
 + Level 2.1 Spellcasting
 + Level 5.1 Summonings


You couldn't memorise any spells.
You knew the following spells:

 Your Spells              Type           Power        Failure   Level  Hunger
a - Summon Small Mammal   Summ           ###.         2%          1    #......
b - Call Imp              Summ           ###.....     4%          2    ###....
c - Call Canine Familiar  Summ           ###.....     10%         3    ###....


Dungeon Overview and Level Annotations

Branches:
Dungeon (2/15)

Altars:


Message History

You feel sick. The adder barely misses you. The adder bites you.
You are lethally poisoned!
The adder poisons you!
You hit the adder but do no damage.
The adder is almost dead.
You feel sick. The adder bites you.
Your crimson imp blinks!
The adder bites you.
* * * LOW HITPOINT WARNING * * *
You are more poisoned.
The adder poisons you!
You miss the adder.
The adder is almost dead.
* * * LOW HITPOINT WARNING * * *
You feel sick. The adder barely misses you. The adder barely misses you.
You closely miss the adder.
The adder is almost dead.
* * * LOW HITPOINT WARNING * * *
You feel sick. The adder bites you.
You die...

#.. .... ### ..# #.#
#/# ### #§# ..# #.# #.#
#S# #.# #@# #.##### #5#
#....†# # #.#
###.....###
#.##.###.###
.....>.(..#
#...........
........#.#
####.###.###
.##.....#.######)###.##
...................<.(#
.##.#...#.#.#.##.##...#


You could see an adder and a friendly crimson imp.

Vanquished Creatures
  A giant gecko (D:2)
  4 giant cockroaches
  7 goblins
  3 hobgoblins
  3 kobolds (D:1)
  2 ball pythons
  7 bats (D:1)
  3 giant newts
  7 rats
  4 fungi (D:2)
41 creatures vanquished.

Vanquished Creatures (collateral kills)
  An adder (D:1)
  A goblin (D:1)
2 creatures vanquished.

Grand Total: 43 creatures vanquished

Notes
Turn   | Place    | Note
--------------------------------------------------------------
     0 | D:1      | Maia the Human Summoner began the quest for the Orb.
     0 | D:1      | Reached XP level 1. HP: 13/13 MP: 3/3
   411 | D:1      | Reached XP level 2. HP: 13/19 MP: 5/5
   429 | D:1      | Learned a level 2 spell: Call Imp
   859 | D:1      | Reached XP level 3. HP: 11/24 MP: 6/6
  1009 | D:1      | Learned a level 3 spell: Call Canine Familiar
  1239 | D:1      | Reached skill level 5 in Summonings
  1900 | D:2      | HP: 1/24 [adder (3)]
  1918 | D:2      | Slain by an adder

Action                   || total
-------------------------++-------
Melee: Unarmed           ||    61
       Hand axe          ||   181
 Cast: Summon Small Mamm ||     4
       Call Imp          ||     1
  Use: Scroll            ||     2
       Potion            ||     2
 Stab: Sleeping          ||     9
  Eat: Chunk             ||     4
